Map: Catalyst LE

Players

Lambo

  • Race: Zerg Zerg
  • League: Master
  • Spawn Location: 11:00

soO - Winner!

  • Race: Zerg Zerg
  • League: Master
  • Spawn Location: 5:00

Event: HomeStory Cup XVII

VOD

Have the link to the VOD?

Description

Time

  • Played on: July 1, 2018, 2:57 p.m.
  • Length: 9:07

All games in this series

Show
View Real Time Build Order
Export as new Build Order

Lambo Zerg 

Build Orders: Hatch First 

Get SALT Encoding   

  12  0:00  Drone  
  13  0:12  Overlord  
  13  0:16  Drone  
  14  0:30  Drone x2  
  16  0:48  Hatchery  
  15  0:51  Drone  
  15  0:55  Drone  
  17  0:58  Drone  
  18  1:09  Extractor  
  17  1:13  Spawning Pool  
  17  1:17  Drone  
  17  1:20  Drone  
  18  1:27  Drone  
  19  2:00  Queen  
  21  2:01  Queen, Zergling x8  
  21  2:06  Spine Crawler  
  26  2:12  Zergling x2  
  27  2:26  Metabolic Boost, Drone  
  28  2:33  Overlord  
  28  2:47  Overlord  
  28  2:52  Drone x2  
  28  2:56  Zergling x4, Drone  
  33  3:02  Drone  
  33  3:05  Zergling x2  
  35  3:10  Drone x2  
  35  3:12  Overlord  
  37  3:14  Drone x2  
  39  3:20  Drone x2  
  39  3:24  Drone  
  42  3:28  Overlord  
  42  3:41  Drone  
  42  3:42  Drone x4  
  46  3:51  Drone x3  
  46  3:54  Hatchery, Extractor  
  46  3:55  Drone  
  47  3:58  Drone x2  
  47  4:02  Drone  
  50  4:08  Drone  
  51  4:10  Evolution Chamber  
  51  4:13  Drone, Extractor  
  51  4:14  Roach Warren  
  49  4:20  Queen  
  49  4:21  Overlord  
  49  4:23  Drone x2  
  52  4:31  Lair  
  52  4:42  Drone x2  
  52  4:43  Zerg Missile Weapons Level 1  
  52  4:45  Drone x3  
  56  4:49  Drone x2  
  56  4:51  Drone  
  56  4:52  Overlord, Drone x2  
  59  5:03  Roach x3  
  65  5:11  Roach, Extractor  
  65  5:14  Drone  
  67  5:16  Roach x3  
  67  5:21  Roach x3  
  79  5:22  Overlord  
  78  5:29  Roach x2  
  79  5:36  Drone x2  
  79  5:37  Overlord  
  79  5:38  Glial Reconstitution  
  79  5:40  Overlord  
  79  5:41  Overlord  
  81  5:44  Drone  
  81  5:46  Drone  
  81  5:48  Roach  
  85  5:53  Roach x2  
  85  5:54  Overseer  
  89  5:59  Overlord  
  89  6:01  Overlord, Roach  
  89  6:03  Overlord  
  90  6:06  Roach  
  90  6:11  Drone  
  93  6:13  Extractor  
  93  6:14  Roach x3  
  93  6:16  Roach  
  100  6:19  Overlord  
  100  6:22  Roach x2  
  104  6:27  Roach x2  
  104  6:29  Ravager x2  
  104  6:31  Overlord  
  110  6:33  Roach  
  110  6:38  Roach x3  
  118  6:41  Roach  
  118  6:43  Roach  
  118  6:46  Roach  
  124  6:47  Roach  
  124  6:53  Roach x3  
  132  6:56  Roach  
  132  6:58  Roach x2  
  138  7:03  Roach  
  138  7:07  Roach x2  
  138  7:08  Overlord  
  144  7:11  Overlord  
  144  7:14  Overlord  
  144  7:17  Ravager  
  145  7:25  Roach  
  145  7:26  Roach x2  
  137  7:30  Roach x3  
  137  7:31  Roach x2  
  137  7:32  Roach  
  137  7:36  Roach  
  137  7:37  Roach  
  133  7:42  Roach x3  
  129  7:45  Roach  
  125  7:53  Roach x2  
  125  7:57  Roach x3  
  129  8:01  Roach x2  
  129  8:04  Roach x2  
  116  8:08  Roach x2  
  116  8:17  Roach x3  
  122  8:23  Roach  
  122  8:25  Roach  
  122  8:26  Roach  
  128  8:33  Roach  
  126  8:36  Roach x2  
  126  8:38  Roach x4  
  126  8:39  Roach  
  134  8:44  Roach x2  
Show
View Real Time Build Order
Export as new Build Order

soO Zerg - Winner!

Build Orders: Pool First 

Get SALT Encoding   

  12  0:17  Spawning Pool  
  11  0:22  Drone  
  11  0:26  Drone  
  13  0:31  Drone  
  14  0:40  Overlord  
  15  1:04  Zergling x4  
  15  1:05  Zergling x2  
  17  1:15  Zergling x2  
  18  1:19  Hatchery  
  17  1:27  Zergling x2  
  18  1:34  Queen  
  18  1:39  Zergling x2  
  21  1:48  Overlord  
  21  1:59  Drone  
  22  2:10  Queen, Drone  
  25  2:24  Drone  
  26  2:30  Drone  
  26  2:31  Queen  
  26  2:33  Drone  
  30  2:41  Overlord  
  30  2:42  Drone  
  30  2:43  Drone  
  32  2:49  Drone  
  33  2:54  Drone x2  
  35  2:59  Drone  
  35  3:04  Drone x2  
  38  3:12  Extractor  
  37  3:14  Drone x3, Extractor  
  37  3:18  Drone  
  40  3:22  Overlord  
  40  3:26  Drone x2  
  42  3:28  Drone  
  42  3:32  Drone  
  44  3:42  Drone x2  
  44  3:45  Drone x3  
  48  3:52  Evolution Chamber  
  48  3:53  Roach Warren  
  48  3:55  Drone x2  
  47  4:03  Drone  
  47  4:04  Lair  
  48  4:10  Evolution Chamber  
  48  4:12  Drone x3  
  48  4:14  Drone  
  51  4:18  Zerg Missile Weapons Level 1  
  51  4:19  Drone  
  51  4:20  Extractor  
  51  4:23  Extractor  
  50  4:24  Drone x2  
  50  4:31  Overlord  
  52  4:38  Overlord  
  52  4:46  Overlord  
  52  4:53  Drone x2  
  52  4:54  Drone  
  52  4:59  Drone  
  55  5:03  Zerg Ground Armor Level 1  
  55  5:04  Drone  
  56  5:10  Glial Reconstitution  
  56  5:11  Hatchery  
  55  5:14  Roach x3  
  55  5:15  Roach  
  55  5:19  Overseer  
  55  5:20  Overseer  
  63  5:21  Roach  
  63  5:24  Roach  
  66  5:29  Roach x2  
  66  5:32  Roach  
  66  5:34  Roach  
  72  5:36  Roach  
  72  5:40  Overlord  
  73  5:44  Roach  
  73  5:45  Overlord  
  75  5:54  Overlord  
  75  5:57  Overlord  
  75  6:02  Roach x4  
  83  6:05  Overlord  
  83  6:15  Zerg Missile Weapons Level 2  
  83  6:17  Roach x3  
  89  6:25  Drone x2  
  89  6:26  Drone x4  
  95  6:34  Drone x3  
  98  6:40  Roach  
  98  6:45  Roach x5  
  110  6:53  Drone x4  
  114  6:57  Roach  
  114  7:00  Ravager x3  
  121  7:01  Roach  
  121  7:03  Overlord  
  121  7:04  Ravager  
  121  7:06  Overlord  
  122  7:13  Overlord  
  119  7:29  Roach  
  125  7:30  Roach x10  
  125  7:34  Roach  
  125  7:35  Roach x2  
  125  7:36  Roach x2  
  124  7:43  Roach  
  115  7:44  Roach  
  115  7:46  Roach  
  115  7:48  Roach  
  115  7:51  Roach x2  
  114  7:52  Roach x3  
  114  7:54  Roach  
  114  7:57  Roach  
  99  8:05  Roach  
  99  8:08  Queen  
  99  8:09  Queen  
  103  8:12  Queen  
  103  8:18  Drone x2  
  103  8:19  Drone x2  
  109  8:23  Ravager  
  109  8:24  Ravager  
  109  8:26  Roach  
  109  8:27  Roach  
  115  8:33  Roach x3  
  119  8:36  Ravager  
  118  8:45  Roach x4  
Tags
 
Add a new tag
Caveats
  • Supply blocks, unpowered buildings, or Contaminate may cause inaccurate times.
  • Supply counts are checked every 10 seconds.